Kraken vs Kings

Created - April 3, 2024 at 22:00

Goals
1 2 3 T
Kraken 3 1 1 5
Kings 0 0 0 0
Shots
1 2 3 T
Kraken 17 14 11 42
Kings 10 3 1 14

1st period

1. Kraken , Michael Anderson 4 (Jack Hughes 30, Kent Johnson 3) at 7:24
2. Kraken , Kailer Yamamoto 15 (Rasmus Dahlin 33, Juuso Parssinen 21) at 11:37 (PP)
3. Kraken , Kailer Yamamoto 16 (Anthony Beauvillier 21, Rasmus Dahlin 34) at 16:18

Penalties :
Josh Healey (LAK) for Roughing (Minor) at 10:54

2nd period

4. Kraken , Anthony Beauvillier 15 (Michael Matheson 28, Juuso Parssinen 22) at 13:35 (PP)

Penalties :
Jamie Devane (LAK) for High sticking (Minor) at 1:25, Jack Hughes (SEA) for Delaying the game (Minor) at 4:46, Billy Sweezey (LAK) for Tripping (Minor) at 8:55, Will Riedell (LAK) for Hooking (Minor) at 12:13

3rd period

5. Kraken , Michael Matheson 10 (Thomas Chabot 45, Jack Hughes 31) at 0:55 (PP)

Penalties :
Billy Sweezey (LAK) for Cross-checking (Minor) at 0:39, Mason Geertsen (LAK) for Roughing (Minor) at 7:43, Billy Sweezey (LAK) for Hooking (Minor) at 13:56

Goalie Stats

Pyotr Kochetkov (SEA), 14 saves from 14 shots - (1.000), W, 2-6-1, 60:00 minutes
Maxime Lagace (LAK), 37 saves from 42 shots - (0.881), L, 3-42-2, 60:00 minutes

Players Stats for Kraken

Player Name              G  A  P  +/- PIM S  H  SB GA TA FO     MP     PP MP  PK MP  
------------------------------------------------------------------------------------
Anthony Beauvillier      1  1  2   1  0   4  1  0  0  0  2/2    19:12   4:29   0:43 
Blake Lizotte            0  0  0   0  0   3  1  0  0  0  10/15  19:45   0:00   0:50 
Brock McGinn             0  0  0   0  0   4  2  0  0  0  0/0    10:49   0:00   0:59 
Caleb Jones              0  0  0   1  0   1  0  0  0  0  0/0    11:59   0:00   0:00 
Derek Ryan               0  0  0   0  0   3  0  0  0  0  0/0     9:50   0:00   0:00 
Erik Gustafsson          0  0  0   0  0   0  0  0  0  0  0/0     0:00   0:00   0:00 
Jack Hughes              0  2  2   1  2   5  1  1  0  0  15/28  19:56   5:48   0:00 
Juuso Parssinen          0  2  2   1  0   2  1  0  0  0  13/20  18:33   4:29   0:00 
Kailer Yamamoto          2  0  2   1  0   3  2  0  0  0  0/0    18:33   4:29   0:00 
Kent Johnson             0  1  1   1  0   0  0  0  0  0  1/2    19:57   5:48   0:00 
Michael Anderson         1  0  1   1  0   3  1  1  0  0  0/0    13:03   0:00   1:04 
Michael Matheson         1  1  2   0  0   4  1  0  0  0  0/0    23:15   4:44   1:04 
Miro Heiskanen           0  0  0   1  0   3  0  0  0  0  0/0    24:46   5:33   0:55 
Rasmus Dahlin            0  2  2   1  0   2  8  0  0  0  0/0    24:46   5:33   0:55 
Stefan Noesen            0  0  0   0  0   2  1  0  0  0  0/0    10:38   0:00   0:17 
Thomas Chabot            0  1  1   0  0   1  4  0  0  0  0/0    22:11   4:44   0:00 
Tyler Bertuzzi           0  0  0   1  0   0  1  1  0  0  1/2    19:57   5:48   0:00 
Yakov Trenin             0  0  0   0  0   2  1  0  0  0  6/13   10:50   0:00   1:09 

Players Stats for Kings

Player Name              G  A  P  +/- PIM S  H  SB GA TA FO     MP     PP MP  PK MP  
------------------------------------------------------------------------------------
Billy Sweezey            0  0  0  -2  6   3  4  2  0  0  0/0    23:58   1:16   3:22 
Brandon Baddock          0  0  0  -1  0   1  4  0  0  0  8/18   16:13   1:04   6:32 
Cedric Lacroix           0  0  0  -2  0   0  0  0  0  0  1/4    19:24   0:55   2:59 
Jamie Devane             0  0  0   0  2   0  2  0  0  0  0/0    15:57   0:00   0:00 
Jerad Rosburg            0  0  0  -1  0   0  0  2  0  0  0/0    23:03   0:43   5:13 
Jesperi Kotkaniemi       0  0  0  -1  0   4  0  0  0  0  11/14   9:44   1:04   0:16 
Joey Abate               0  0  0   0  0   0  0  0  0  0  5/18   16:53   0:55   0:00 
John Parker-Jones        0  0  0  -1  0   1  3  0  0  0  0/0    15:07   0:43   5:53 
Jordan Greenway          0  0  0   0  0   1  3  0  0  0  2/3    16:30   0:00   1:43 
Josh Healey              0  0  0   0  2   0  2  1  0  0  0/0    17:11   0:21   3:21 
Mason Geertsen           0  0  0   0  2   0  3  2  0  0  0/0    19:58   1:04   3:42 
Mitch McLain             0  0  0   0  0   2  1  0  0  0  1/2    18:13   0:55   2:59 
Pierre-Cedric Labrie     0  0  0   0  0   1  1  0  0  0  1/2    15:58   0:00   0:00 
Ryan McLeod              0  0  0  -1  0   1  0  1  0  0  2/5     9:03   0:00   0:00 
Teuvo Teravainen         0  0  0   0  0   0  0  0  0  0  0/0     0:39   0:00   0:00 
Tyson Empey              0  0  0  -1  0   0  1  0  0  0  0/0    16:26   0:00   1:11 
Vincent Arseneau         0  0  0   0  0   0  0  0  0  0  3/16   15:47   0:00   0:12 
Will Riedell             0  0  0   0  2   0  2  2  0  0  0/0    19:32   0:55   3:45 

3 Stars

1 - Kailer Yamamoto (SEA)
2 - Rasmus Dahlin (SEA)
3 - Anthony Beauvillier (SEA)

Power Play

Kraken - 3 on 7 Attempt(s) - 42.86%
Kings - 0 on 1 Attempt(s) - 0.00%

Penalty Kill

Kraken - 1 on 1 Attempt(s) - 100.00% - Score 0 goal in Penalty Kill
Kings - 4 on 7 Attempt(s) - 57.14% - Score 0 goal in Penalty Kill

Team Stat

Kraken - Hits : 25 - Faceoff Wins : 48 - Blocked Shots : 3 - Penalty Minutes : 2
Kings - Hits : 26 - Faceoff Wins : 34 - Blocked Shots : 10 - Penalty Minutes : 14

Official

Referees : Trevor Hanson and Jean Hebert
Linesman : Tommy Hughes and Derek Nansen

Game Notes

No Game Note

Finance

Level 1 -- Attendance: 6000 (100.00%) -- Ticket Income $390,000
Level 2 -- Attendance: 5000 (100.00%) -- Ticket Income $225,000
Level 3 -- Attendance: 2000 (100.00%) -- Ticket Income $80,000
Level 4 -- Attendance: 4000 (100.00%) -- Ticket Income $140,000
Luxury Box -- Attendance: 1000 (100.00%) -- Ticket Income $100,000
Game was played at the Staples Center.
Total Attendance: 18000 (100.00%)
Total Ticket Income: $935,000
Other Income: $458,150
Total Income: $1,393,150

Kraken

5 vs 5 Forward 
   Center                   Left Wing                Right Wing               Time % Phy DF OF 
 1 Jack Hughes              Kent Johnson             Tyler Bertuzzi           25     1   1  3  
 2 Juuso Parssinen          Anthony Beauvillier      Kailer Yamamoto          25     1   1  3  
 3 Yakov Trenin             Stefan Noesen            Blake Lizotte            25     1   3  1  
 4 Blake Lizotte            Brock McGinn             Derek Ryan               25     1   3  1  

5 vs 5 Defense 
   Defense                  Defense                                           Time % Phy DF OF 
 1 Rasmus Dahlin            Miro Heiskanen                                    40     1   2  2  
 2 Michael Matheson         Thomas Chabot                                     35     1   2  2  
 3 Michael Anderson         Caleb Jones                                       25     1   2  2  
 4 Miro Heiskanen           Rasmus Dahlin                                     0      1   2  2  

PowerPlay Forward 
   Center                   Left Wing                Right Wing               Time % Phy DF OF 
 1 Jack Hughes              Kent Johnson             Tyler Bertuzzi           60     1   2  2  
 2 Juuso Parssinen          Anthony Beauvillier      Kailer Yamamoto          40     1   2  2  

PowerPlay Defense
   Defense                  Defense                                           Time % Phy DF OF 
 1 Rasmus Dahlin            Miro Heiskanen                                    60     1   2  2  
 2 Michael Matheson         Thomas Chabot                                     40     1   2  2  

Penalty Kill 4 Players Forward 
   Center                   Wing                     Time % Phy DF OF 
 1 Yakov Trenin             Brock McGinn             60     1   2  2  
 2 Blake Lizotte            Jack Hughes              40     1   2  2  

Penalty Kill 4 Players Defense
   Defense                  Defense                  Time % Phy DF OF 
 1 Michael Matheson         Michael Anderson         60     1   2  2  
 2 Miro Heiskanen           Rasmus Dahlin            40     1   2  2  

Penalty Kill - 3 Players Forward 
   Forward                                           Time % Phy DF OF 
 1 Yakov Trenin                                      60     1   2  2  
 2 Derek Ryan                                        40     1   2  2  

Penalty Kill - 3 Players Defense
   Defense                  Defense                  Time % Phy DF OF 
 1 Michael Matheson         Michael Anderson         60     1   2  2  
 2 Miro Heiskanen           Rasmus Dahlin            40     1   2  2  

4 vs 4 Forward 
   Center                   Wing                     Time % Phy DF OF 
 1 Jack Hughes              Kent Johnson             60     1   2  2  
 2 Juuso Parssinen          Anthony Beauvillier      40     1   2  2  

4 vs 4 Defense
   Defense                  Defense                  Time % Phy DF OF 
 1 Rasmus Dahlin            Miro Heiskanen           60     1   2  2  
 2 Michael Matheson         Thomas Chabot            40     1   2  2  

Last Minutes Offensive
   Center                   Left Wing                Right Wing               Defense                  Defense                  
   Jack Hughes              Kent Johnson             Tyler Bertuzzi           Rasmus Dahlin            Miro Heiskanen           

Last Minutes Defensive
   Center                   Left Wing                Right Wing               Defense                  Defense                  
   Yakov Trenin             Brock McGinn             Jack Hughes              Michael Anderson         Michael Matheson         

Goaltenders
Starting : Pyotr Kochetkov          
Backup : Jeremy Swayman           

Extra Forwards
Normal : Yakov Trenin, Jack Hughes, Stefan Noesen - PP : Yakov Trenin, Juuso Parssinen - PK : Jack Hughes
Extra Defensemen
Normal : Thomas Chabot, Michael Anderson, Caleb Jones - PP : Caleb Jones - PK : Caleb Jones, Thomas Chabot
Penalty Shots
Jack Hughes, Kent Johnson, Anthony Beauvillier, Tyler Bertuzzi, Kailer Yamamoto
Custom OT Lines Forwards
Jack Hughes, Anthony Beauvillier, Kailer Yamamoto, Tyler Bertuzzi, Kent Johnson, Juuso Parssinen, Yakov Trenin, Blake Lizotte, Stefan Noesen, Brock McGinn
Custom OT Lines Defensemen
Rasmus Dahlin, Miro Heiskanen, Michael Matheson, Thomas Chabot, Michael Anderson

Scratches
Jonas Rondbjerg (Healthy), Elmer Soderblom (Right Hip Injury)

Kings

5 vs 5 Forward 
   Center                   Left Wing                Right Wing               Time % Phy DF OF 
 1 Vincent Arseneau         Mitch McLain             Jordan Greenway          25     3   1  1  
 2 Ryan McLeod              Brandon Baddock          Cedric Lacroix           25     3   1  1  
 3 Joey Abate               Pierre-Cedric Labrie     Jamie Devane             25     3   1  1  
 4 Jesperi Kotkaniemi       Cedric Lacroix           John Parker-Jones        25     3   1  1  

5 vs 5 Defense 
   Defense                  Defense                                           Time % Phy DF OF 
 1 Josh Healey              Jerad Rosburg                                     25     3   1  1  
 2 Billy Sweezey            Tyson Empey                                       25     3   1  1  
 3 Mason Geertsen           Will Riedell                                      25     3   1  1  
 4 Billy Sweezey            Jerad Rosburg                                     25     3   1  1  

PowerPlay Forward 
   Center                   Left Wing                Right Wing               Time % Phy DF OF 
 1 Cedric Lacroix           Joey Abate               Mitch McLain             60     5   0  0  
 2 Brandon Baddock          Mason Geertsen           Jesperi Kotkaniemi       40     5   0  0  

PowerPlay Defense
   Defense                  Defense                                           Time % Phy DF OF 
 1 John Parker-Jones        Jerad Rosburg                                     60     5   0  0  
 2 Billy Sweezey            Will Riedell                                      40     5   0  0  

Penalty Kill 4 Players Forward 
   Center                   Wing                     Time % Phy DF OF 
 1 Brandon Baddock          John Parker-Jones        60     5   0  0  
 2 Mitch McLain             Cedric Lacroix           40     5   0  0  

Penalty Kill 4 Players Defense
   Defense                  Defense                  Time % Phy DF OF 
 1 Will Riedell             Jerad Rosburg            60     5   0  0  
 2 Mason Geertsen           Billy Sweezey            40     5   0  0  

Penalty Kill - 3 Players Forward 
   Forward                                           Time % Phy DF OF 
 1 Cedric Lacroix                                    60     1   2  2  
 2 Teuvo Teravainen                                  40     1   2  2  

Penalty Kill - 3 Players Defense
   Defense                  Defense                  Time % Phy DF OF 
 1 Billy Sweezey            Jerad Rosburg            60     1   2  2  
 2 Mason Geertsen           Will Riedell             40     1   2  2  

4 vs 4 Forward 
   Center                   Wing                     Time % Phy DF OF 
 1 Jamie Devane             John Parker-Jones        60     5   0  0  
 2 Cedric Lacroix           Jordan Greenway          40     5   0  0  

4 vs 4 Defense
   Defense                  Defense                  Time % Phy DF OF 
 1 Will Riedell             Jerad Rosburg            60     5   0  0  
 2 Billy Sweezey            Mason Geertsen           40     5   0  0  

Last Minutes Offensive
   Center                   Left Wing                Right Wing               Defense                  Defense                  
   Mitch McLain             Brandon Baddock          Jordan Greenway          Jerad Rosburg            Billy Sweezey            

Last Minutes Defensive
   Center                   Left Wing                Right Wing               Defense                  Defense                  
   Mitch McLain             Brandon Baddock          Jordan Greenway          Billy Sweezey            Jerad Rosburg            

Goaltenders
Starting : Maxime Lagace            
Backup : Dylan Wells              

Extra Forwards
Normal : Jordan Greenway, Ryan McLeod, Mitch McLain - PP : Jordan Greenway, Brandon Baddock - PK : Jordan Greenway
Extra Defensemen
Normal : Jerad Rosburg, Mason Geertsen, Billy Sweezey - PP : Jerad Rosburg - PK : Jerad Rosburg, Billy Sweezey
Penalty Shots
Jordan Greenway, Ryan McLeod, Mitch McLain, Brandon Baddock, Mason Geertsen
Custom OT Lines Forwards
Joey Abate, Ryan McLeod, John Parker-Jones, Jordan Greenway, Mitch McLain, Brandon Baddock, Mason Geertsen, Jamie Devane, Vincent Arseneau, Teuvo Teravainen
Custom OT Lines Defensemen
Tyson Empey, Jerad Rosburg, Billy Sweezey, Mason Geertsen, Will Riedell

Scratches
Chris Wideman (Left Hand Injury), Logan O'Connor (Healthy), Farm Goalie 17 (Healthy)

% Time on Ice - Kraken

Lines # - Real PCT - Wanted PCT - Time Play
Normal Forward
1 - 30% - 25% - 14:09
2 - 29% - 25% - 14:04
3 - 20% - 25% - 9:41
4 - 21% - 25% - 9:50
Normal Defense
1 - 38% - 40% - 18:18
2 - 37% - 35% - 17:27
3 - 25% - 25% - 11:59
4 - 0% - 0% - 0:00
PP Forward
1 - 56% - 60% - 5:48
2 - 44% - 40% - 4:29
PP Defense
1 - 54% - 60% - 5:33
2 - 46% - 40% - 4:44
PK Forward
1 - 68% - 60% - 1:21
2 - 32% - 40% - 0:38
PK Defense
1 - 54% - 60% - 1:04
2 - 46% - 40% - 0:55
PK3 Forward
1 - 0% - 60%
2 - 0% - 40%
PK3 Defense
1 - 0% - 60%
2 - 0% - 40%
44 Forward
1 - 0% - 60%
2 - 0% - 40%
44 Defense
1 - 0% - 60%
2 - 0% - 40%
Last Minute Offensive  - 0:00
Last Minute Defensive  - 0:00
Total
Forward - 60:00
Defense - 60:00

% Time on Ice - Kings

Lines # - Real PCT - Wanted PCT - Time Play
Normal Forward
1 - 31% - 25% - 14:45
2 - 18% - 25% - 8:37
3 - 33% - 25% - 15:58
4 - 18% - 25% - 8:24
Normal Defense
1 - 24% - 25% - 11:31
2 - 32% - 25% - 15:15
3 - 32% - 25% - 15:13
4 - 12% - 25% - 5:45
PP Forward
1 - 46% - 60% - 0:55
2 - 54% - 40% - 1:04
PP Defense
1 - 36% - 60% - 0:43
2 - 64% - 40% - 1:16
PK Forward
1 - 71% - 60% - 7:18
2 - 29% - 40% - 2:59
PK Defense
1 - 43% - 60% - 4:27
2 - 57% - 40% - 5:50
PK3 Forward
1 - 0% - 60%
2 - 0% - 40%
PK3 Defense
1 - 0% - 60%
2 - 0% - 40%
44 Forward
1 - 0% - 60%
2 - 0% - 40%
44 Defense
1 - 0% - 60%
2 - 0% - 40%
Last Minute Offensive  - 0:00
Last Minute Defensive  - 0:00
Total
Forward - 60:00
Defense - 60:00

Play-by-Play

1st period


0:01 of 1st period - Jack Hughes wins face-off versus Jordan Greenway in neutral zone.
0:15 of 1st period - Jack Hughes is hit by Josh Healey.
1:01 of 1st period - Mitch McLain is hit by Juuso Parssinen and loses puck.
2:00 of 1st period - Shot by Cedric Lacroix.
2:00 of 1st period - Shot Misses the Net.
2:02 of 1st period - Shot by Ryan McLeod.
2:02 of 1st period - Stopped by Pyotr Kochetkov without a rebound.
2:03 of 1st period - Joey Abate wins face-off versus Blake Lizotte in Kraken zone.
2:11 of 1st period - Icing by Rasmus Dahlin.
2:12 of 1st period - Jesperi Kotkaniemi wins face-off versus Blake Lizotte in Kraken zone.
2:12 of 1st period - Jesperi Kotkaniemi is hit by Rasmus Dahlin.
2:28 of 1st period - Shot by Derek Ryan.
2:28 of 1st period - Shot Misses the Net.
2:32 of 1st period - Shot by Brock McGinn.
2:32 of 1st period - Stopped by Maxime Lagace with a rebound.
2:46 of 1st period - Shot by Brock McGinn.
2:46 of 1st period - Stopped by Maxime Lagace without a rebound.
2:47 of 1st period - Tyler Bertuzzi wins face-off versus Joey Abate in Kings zone.
4:11 of 1st period - Billy Sweezey is hit by Michael Matheson.
4:13 of 1st period - Shot by Brandon Baddock.
4:13 of 1st period - Shot Misses the Net.
4:36 of 1st period - Shot by Jesperi Kotkaniemi.
4:36 of 1st period - Stopped by Pyotr Kochetkov without a rebound.
4:37 of 1st period - Jesperi Kotkaniemi wins face-off versus Yakov Trenin in Kraken zone.
4:38 of 1st period - Shot by Jordan Greenway.
4:38 of 1st period - Stopped by Pyotr Kochetkov without a rebound.
4:39 of 1st period - Jesperi Kotkaniemi wins face-off versus Yakov Trenin in Kraken zone.
4:39 of 1st period - Jesperi Kotkaniemi is hit by Rasmus Dahlin.
4:59 of 1st period - Shot by Stefan Noesen.
4:59 of 1st period - Shot Misses the Net.
5:38 of 1st period - Shot by Vincent Arseneau.
5:38 of 1st period - Deflect By Jordan Greenway.
5:38 of 1st period - Shot Misses the Net.
5:40 of 1st period - Shot by Jordan Greenway.
5:40 of 1st period - Shot Misses the Net.
5:42 of 1st period - Shot by Mitch McLain.
5:42 of 1st period - Stopped by Pyotr Kochetkov with a rebound.
6:07 of 1st period - Shot by Jamie Devane.
6:07 of 1st period - Shot Blocked by Michael Anderson.
6:09 of 1st period - Shot by Pierre-Cedric Labrie.
6:09 of 1st period - Stopped by Pyotr Kochetkov with a rebound.
6:11 of 1st period - Shot by Jamie Devane.
6:11 of 1st period - Shot Misses the Net.
6:13 of 1st period - Shot by Joey Abate.
6:13 of 1st period - Shot Misses the Net.
6:30 of 1st period - Off-side.
6:31 of 1st period - Ryan McLeod wins face-off versus Juuso Parssinen in neutral zone.
6:31 of 1st period - Billy Sweezey is hit by Anthony Beauvillier and loses puck.
7:06 of 1st period - Icing by Brandon Baddock.
7:07 of 1st period - Kent Johnson wins face-off versus Cedric Lacroix in Kings zone.
7:22 of 1st period - Shot by Jack Hughes.
7:22 of 1st period - Shot Misses the Net.
7:24 of 1st period - Shot by Michael Anderson.
7:24 of 1st period - Goal by Michael Anderson - Kraken : 1 - Kings : 0.
7:25 of 1st period - Blake Lizotte wins face-off versus Joey Abate in neutral zone.
8:22 of 1st period - Shot by Kailer Yamamoto.
8:22 of 1st period - Stopped by Maxime Lagace with a rebound.
8:29 of 1st period - Shot by Juuso Parssinen.
8:29 of 1st period - Stopped by Maxime Lagace with a rebound.
8:31 of 1st period - Shot by Michael Matheson.
8:31 of 1st period - Stopped by Maxime Lagace with a rebound.
8:38 of 1st period - Kailer Yamamoto is hit by Will Riedell and loses puck.
9:04 of 1st period - Icing by Tyler Bertuzzi.
9:05 of 1st period - Jack Hughes wins face-off versus Vincent Arseneau in Kraken zone.
9:22 of 1st period - Shot by Jordan Greenway.
9:22 of 1st period - Deflect By Vincent Arseneau.
9:22 of 1st period - Shot Misses the Net.
9:24 of 1st period - Shot by Billy Sweezey.
9:24 of 1st period - Stopped by Pyotr Kochetkov with a rebound.
9:28 of 1st period - Shot by Mitch McLain.
9:28 of 1st period - Shot Blocked by Tyler Bertuzzi.
9:30 of 1st period - Shot by Jordan Greenway.
9:30 of 1st period - Shot Blocked by Jack Hughes.
9:45 of 1st period - Jack Hughes is hit by John Parker-Jones.
9:57 of 1st period - Shot by Jesperi Kotkaniemi.
9:57 of 1st period - Stopped by Pyotr Kochetkov without a rebound.
9:58 of 1st period - Anthony Beauvillier wins face-off versus Cedric Lacroix in Kraken zone.
9:58 of 1st period - Anthony Beauvillier is hit by Brandon Baddock.
10:31 of 1st period - Ryan McLeod is hit by Kailer Yamamoto and loses puck.
10:48 of 1st period - Ryan McLeod is hit by Brock McGinn and loses puck.
10:54 of 1st period - Minor Penalty to Josh Healey for Roughing.
10:55 of 1st period - Jordan Greenway wins face-off versus Jack Hughes in Kings zone.
11:06 of 1st period - Shot by Thomas Chabot.
11:06 of 1st period - Shot Misses the Net.
11:08 of 1st period - Shot by Michael Matheson.
11:08 of 1st period - Stopped by Maxime Lagace with a rebound.
11:10 of 1st period - Shot by Jack Hughes.
11:10 of 1st period - Shot Misses the Net.
11:12 of 1st period - Shot by Jack Hughes.
11:12 of 1st period - Stopped by Maxime Lagace without a rebound.
11:13 of 1st period - Jack Hughes wins face-off versus Brandon Baddock in Kings zone.
11:21 of 1st period - Icing by Rasmus Dahlin.
11:22 of 1st period - Jack Hughes wins face-off versus Brandon Baddock in Kraken zone.
11:27 of 1st period - Shot by Miro Heiskanen.
11:27 of 1st period - Stopped by Maxime Lagace without a rebound.
11:28 of 1st period - Anthony Beauvillier wins face-off versus Brandon Baddock in Kings zone.
11:37 of 1st period - Shot by Kailer Yamamoto.
11:37 of 1st period - Goal by Kailer Yamamoto - Kraken : 2 - Kings : 0.
11:38 of 1st period - Blake Lizotte wins face-off versus Vincent Arseneau in neutral zone.
11:52 of 1st period - Shot by Derek Ryan.
11:52 of 1st period - Shot Misses the Net.
11:54 of 1st period - Shot by Brock McGinn.
11:54 of 1st period - Stopped by Maxime Lagace without a rebound.
11:55 of 1st period - Jack Hughes wins face-off versus Pierre-Cedric Labrie in Kings zone.
12:17 of 1st period - Shot by Jack Hughes.
12:17 of 1st period - Shot Blocked by Will Riedell.
13:11 of 1st period - Shot by Mitch McLain.
13:11 of 1st period - Stopped by Pyotr Kochetkov with a rebound.
13:24 of 1st period - Shot by Jesperi Kotkaniemi.
13:24 of 1st period - Stopped by Pyotr Kochetkov with a rebound.
13:26 of 1st period - Shot by John Parker-Jones.
13:26 of 1st period - Stopped by Pyotr Kochetkov without a rebound.
13:27 of 1st period - Ryan McLeod wins face-off versus Juuso Parssinen in Kraken zone.
13:51 of 1st period - Shot by Juuso Parssinen.
13:51 of 1st period - Shot Blocked by Billy Sweezey.
13:53 of 1st period - Shot by Kailer Yamamoto.
13:53 of 1st period - Shot Misses the Net.
13:55 of 1st period - Shot by Michael Anderson.
13:55 of 1st period - Deflect By Juuso Parssinen.
13:55 of 1st period - Shot Blocked by Ryan McLeod.
14:03 of 1st period - Shot by Anthony Beauvillier.
14:03 of 1st period - Shot Misses the Net.
14:05 of 1st period - Shot by Juuso Parssinen.
14:05 of 1st period - Shot Hit the Post.
14:30 of 1st period - Pierre-Cedric Labrie is hit by Rasmus Dahlin and loses puck.
14:42 of 1st period - Joey Abate is hit by Rasmus Dahlin.
14:51 of 1st period - Off-side.
14:52 of 1st period - Jordan Greenway wins face-off versus Jack Hughes in neutral zone.
15:08 of 1st period - Shot by Vincent Arseneau.
15:08 of 1st period - Shot Misses the Net.
16:00 of 1st period - Shot by Juuso Parssinen.
16:00 of 1st period - Stopped by Maxime Lagace without a rebound.
16:01 of 1st period - Jesperi Kotkaniemi wins face-off versus Juuso Parssinen in Kings zone.
16:10 of 1st period - Shot by Anthony Beauvillier.
16:10 of 1st period - Shot Misses the Net.
16:14 of 1st period - Shot by Anthony Beauvillier.
16:14 of 1st period - Shot Misses the Net.
16:16 of 1st period - Shot by Anthony Beauvillier.
16:16 of 1st period - Stopped by Maxime Lagace with a rebound.
16:18 of 1st period - Shot by Kailer Yamamoto.
16:18 of 1st period - Goal by Kailer Yamamoto - Kraken : 3 - Kings : 0.
16:19 of 1st period - Yakov Trenin wins face-off versus Ryan McLeod in neutral zone.
16:36 of 1st period - Yakov Trenin is hit by Billy Sweezey and loses puck.
16:41 of 1st period - Shot by Yakov Trenin.
16:41 of 1st period - Shot Blocked by Billy Sweezey.
16:43 of 1st period - Shot by Blake Lizotte.
16:43 of 1st period - Stopped by Maxime Lagace with a rebound.
16:45 of 1st period - Shot by Yakov Trenin.
16:45 of 1st period - Shot Misses the Net.
16:47 of 1st period - Shot by Blake Lizotte.
16:47 of 1st period - Stopped by Maxime Lagace with a rebound.
16:49 of 1st period - Shot by Yakov Trenin.
16:49 of 1st period - Shot Misses the Net.
18:11 of 1st period - Shot by Tyler Bertuzzi.
18:11 of 1st period - Shot Blocked by Will Riedell.
18:13 of 1st period - Shot by Tyler Bertuzzi.
18:13 of 1st period - Deflect By Jack Hughes.
18:13 of 1st period - Stopped by Maxime Lagace without a rebound.
18:14 of 1st period - Blake Lizotte wins face-off versus Joey Abate in Kings zone.
19:07 of 1st period - Jack Hughes is hit by Jordan Greenway and loses puck.
19:20 of 1st period - Shot by Jack Hughes.
19:20 of 1st period - Deflect By Tyler Bertuzzi.
19:20 of 1st period - Shot Blocked by Josh Healey.
19:23 of 1st period - Icing by Tyson Empey.
19:24 of 1st period - Juuso Parssinen wins face-off versus Vincent Arseneau in Kings zone.
Goals for this period are 3 for Kraken vs 0 for Kings.
Shots for this period are 17 for Kraken vs 10 for Kings.

2nd period


0:01 of 2nd period - Jesperi Kotkaniemi wins face-off versus Yakov Trenin in neutral zone.
0:49 of 2nd period - Off-side.
0:50 of 2nd period - Joey Abate wins face-off versus Jack Hughes in neutral zone.
0:52 of 2nd period - Mason Geertsen is hit by Rasmus Dahlin and loses puck.
1:25 of 2nd period - Minor Penalty to Jamie Devane for High sticking.
1:26 of 2nd period - Juuso Parssinen wins face-off versus Brandon Baddock in Kings zone.
2:21 of 2nd period - Icing by Jack Hughes.
2:22 of 2nd period - Jack Hughes wins face-off versus Brandon Baddock in Kraken zone.
2:24 of 2nd period - Icing by Miro Heiskanen.
2:25 of 2nd period - Brandon Baddock wins face-off versus Jack Hughes in Kraken zone.
2:25 of 2nd period - Brandon Baddock is hit by Rasmus Dahlin.
3:26 of 2nd period - Icing by Thomas Chabot.
3:27 of 2nd period - Joey Abate wins face-off versus Blake Lizotte in Kraken zone.
3:41 of 2nd period - Icing by Michael Anderson.
3:42 of 2nd period - Blake Lizotte wins face-off versus Vincent Arseneau in Kraken zone.
3:42 of 2nd period - Blake Lizotte is hit by Jordan Greenway.
3:53 of 2nd period - Blake Lizotte is hit by Billy Sweezey and loses puck.
4:05 of 2nd period - Icing by Caleb Jones.
4:06 of 2nd period - Blake Lizotte wins face-off versus Joey Abate in Kraken zone.
4:21 of 2nd period - Shot by Derek Ryan.
4:21 of 2nd period - Stopped by Maxime Lagace with a rebound.
4:30 of 2nd period - Jamie Devane is hit by Thomas Chabot and loses puck.
4:46 of 2nd period - Minor Penalty to Jack Hughes for Delaying the game.
4:47 of 2nd period - Brandon Baddock wins face-off versus Yakov Trenin in Kraken zone.
4:50 of 2nd period - Shot by Billy Sweezey.
4:50 of 2nd period - Shot Misses the Net.
4:52 of 2nd period - Shot by Billy Sweezey.
4:52 of 2nd period - Stopped by Pyotr Kochetkov without a rebound.
4:53 of 2nd period - Brandon Baddock wins face-off versus Yakov Trenin in Kraken zone.
5:08 of 2nd period - Will Riedell is hit by Michael Anderson and loses puck.
5:15 of 2nd period - Shot by Billy Sweezey.
5:15 of 2nd period - Stopped by Pyotr Kochetkov with a rebound.
6:22 of 2nd period - Shot by Blake Lizotte.
6:22 of 2nd period - Shot Misses the Net.
6:33 of 2nd period - Shot by Blake Lizotte.
6:33 of 2nd period - Stopped by Maxime Lagace without a rebound.
6:34 of 2nd period - Cedric Lacroix wins face-off versus Blake Lizotte in Kings zone.
7:00 of 2nd period - Icing by Jordan Greenway.
7:01 of 2nd period - Juuso Parssinen wins face-off versus Vincent Arseneau in Kings zone.
7:01 of 2nd period - Juuso Parssinen is hit by Tyson Empey.
7:11 of 2nd period - Icing by Rasmus Dahlin.
7:12 of 2nd period - Juuso Parssinen wins face-off versus Joey Abate in Kraken zone.
7:46 of 2nd period - Shot by Anthony Beauvillier.
7:46 of 2nd period - Shot Misses the Net.
7:49 of 2nd period - Icing by Mason Geertsen.
7:50 of 2nd period - Yakov Trenin wins face-off versus Joey Abate in Kings zone.
7:53 of 2nd period - Shot by Thomas Chabot.
7:53 of 2nd period - Stopped by Maxime Lagace with a rebound.
7:55 of 2nd period - Shot by Blake Lizotte.
7:55 of 2nd period - Shot Hit the Post.
8:09 of 2nd period - Shot by Yakov Trenin.
8:09 of 2nd period - Stopped by Maxime Lagace with a rebound.
8:19 of 2nd period - Shot by Yakov Trenin.
8:19 of 2nd period - Stopped by Maxime Lagace without a rebound.
8:20 of 2nd period - Jesperi Kotkaniemi wins face-off versus Jack Hughes in Kings zone.
8:28 of 2nd period - Icing by Caleb Jones.
8:29 of 2nd period - Jack Hughes wins face-off versus Vincent Arseneau in Kraken zone.
8:29 of 2nd period - Jack Hughes is hit by Mitch McLain.
8:45 of 2nd period - Icing by Jerad Rosburg.
8:46 of 2nd period - Vincent Arseneau wins face-off versus Yakov Trenin in Kings zone.
8:46 of 2nd period - Vincent Arseneau is hit by Stefan Noesen.
8:55 of 2nd period - Minor Penalty to Billy Sweezey for Tripping.
8:56 of 2nd period - Jack Hughes wins face-off versus Brandon Baddock in Kings zone.
8:56 of 2nd period - Rasmus Dahlin is hit by Mason Geertsen and loses puck.
9:07 of 2nd period - Shot by Miro Heiskanen.
9:07 of 2nd period - Stopped by Maxime Lagace without a rebound.
9:08 of 2nd period - Juuso Parssinen wins face-off versus Brandon Baddock in Kings zone.
9:27 of 2nd period - Shot by Miro Heiskanen.
9:27 of 2nd period - Shot Misses the Net.
9:29 of 2nd period - Shot by Juuso Parssinen.
9:29 of 2nd period - Shot Blocked by Mason Geertsen.
9:31 of 2nd period - Shot by Rasmus Dahlin.
9:31 of 2nd period - Stopped by Maxime Lagace with a rebound.
9:37 of 2nd period - Shot by Rasmus Dahlin.
9:37 of 2nd period - Shot Misses the Net.
9:43 of 2nd period - Shot by Rasmus Dahlin.
9:43 of 2nd period - Stopped by Maxime Lagace without a rebound.
9:44 of 2nd period - Mitch McLain wins face-off versus Jack Hughes in Kings zone.
11:06 of 2nd period - Michael Anderson is hit by Billy Sweezey and loses puck.
11:41 of 2nd period - Icing by Mitch McLain.
11:42 of 2nd period - Vincent Arseneau wins face-off versus Juuso Parssinen in Kings zone.
11:44 of 2nd period - Icing by Jordan Greenway.
11:45 of 2nd period - Juuso Parssinen wins face-off versus Vincent Arseneau in Kings zone.
11:55 of 2nd period - Anthony Beauvillier is hit by Mason Geertsen and loses puck.
12:00 of 2nd period - Shot by Anthony Beauvillier.
12:00 of 2nd period - Stopped by Maxime Lagace with a rebound.
12:11 of 2nd period - Kailer Yamamoto is hit by Will Riedell and loses puck.
12:13 of 2nd period - Minor Penalty to Will Riedell for Hooking.
12:14 of 2nd period - Brandon Baddock wins face-off versus Jack Hughes in Kings zone.
12:23 of 2nd period - Shot by Brandon Baddock.
12:23 of 2nd period - Stopped by Pyotr Kochetkov without a rebound.
12:24 of 2nd period - Brandon Baddock wins face-off versus Jack Hughes in Kraken zone.
12:51 of 2nd period - Shot by Rasmus Dahlin.
12:51 of 2nd period - Shot Blocked by Jerad Rosburg.
13:33 of 2nd period - Shot by Michael Matheson.
13:33 of 2nd period - Stopped by Maxime Lagace with a rebound.
13:35 of 2nd period - Shot by Anthony Beauvillier.
13:35 of 2nd period - Goal by Anthony Beauvillier - Kraken : 4 - Kings : 0.
13:36 of 2nd period - Yakov Trenin wins face-off versus Joey Abate in neutral zone.
13:39 of 2nd period - Joey Abate is hit by Yakov Trenin and loses puck.
13:44 of 2nd period - Shot by Stefan Noesen.
13:44 of 2nd period - Shot Misses the Net.
13:52 of 2nd period - Shot by Michael Anderson.
13:52 of 2nd period - Shot Misses the Net.
13:54 of 2nd period - Shot by Caleb Jones.
13:54 of 2nd period - Deflect By Stefan Noesen.
13:54 of 2nd period - Stopped by Maxime Lagace without a rebound.
13:55 of 2nd period - Blake Lizotte wins face-off versus Vincent Arseneau in Kings zone.
14:09 of 2nd period - Thomas Chabot is hit by Josh Healey and loses puck.
14:43 of 2nd period - Icing by Jerad Rosburg.
14:44 of 2nd period - Vincent Arseneau wins face-off versus Jack Hughes in Kings zone.
15:21 of 2nd period - Icing by Miro Heiskanen.
15:22 of 2nd period - Jesperi Kotkaniemi wins face-off versus Jack Hughes in Kraken zone.
16:41 of 2nd period - Icing by Kailer Yamamoto.
16:42 of 2nd period - Juuso Parssinen wins face-off versus Joey Abate in Kraken zone.
16:44 of 2nd period - Icing by Thomas Chabot.
16:45 of 2nd period - Juuso Parssinen wins face-off versus Joey Abate in Kraken zone.
16:45 of 2nd period - Juuso Parssinen is hit by Pierre-Cedric Labrie.
17:40 of 2nd period - Shot by Blake Lizotte.
17:40 of 2nd period - Shot Misses the Net.
17:42 of 2nd period - Shot by Stefan Noesen.
17:42 of 2nd period - Shot Misses the Net.
18:00 of 2nd period - Icing by Miro Heiskanen.
18:01 of 2nd period - Yakov Trenin wins face-off versus Vincent Arseneau in Kraken zone.
18:01 of 2nd period - Yakov Trenin is hit by Jordan Greenway.
18:40 of 2nd period - Shot by Jack Hughes.
18:40 of 2nd period - Stopped by Maxime Lagace without a rebound.
18:41 of 2nd period - Blake Lizotte wins face-off versus Ryan McLeod in Kings zone.
18:47 of 2nd period - Derek Ryan is hit by Billy Sweezey and loses puck.
19:21 of 2nd period - Icing by Billy Sweezey.
19:22 of 2nd period - Jack Hughes wins face-off versus Brandon Baddock in Kings zone.
19:55 of 2nd period - Shot by Jack Hughes.
19:55 of 2nd period - Stopped by Maxime Lagace without a rebound.
19:56 of 2nd period - Juuso Parssinen wins face-off versus Joey Abate in Kings zone.
Goals for this period are 1 for Kraken vs 0 for Kings.
Shots for this period are 14 for Kraken vs 3 for Kings.

3rd period


0:01 of 3rd period - Yakov Trenin wins face-off versus Jesperi Kotkaniemi in neutral zone.
0:39 of 3rd period - Minor Penalty to Billy Sweezey for Cross-checking.
0:40 of 3rd period - Brandon Baddock wins face-off versus Tyler Bertuzzi in Kings zone.
0:46 of 3rd period - Icing by Kent Johnson.
0:47 of 3rd period - Jack Hughes wins face-off versus Brandon Baddock in Kraken zone.
0:47 of 3rd period - Jack Hughes is hit by John Parker-Jones.
0:53 of 3rd period - Shot by Michael Matheson.
0:53 of 3rd period - Shot Misses the Net.
0:55 of 3rd period - Shot by Michael Matheson.
0:55 of 3rd period - Goal by Michael Matheson - Kraken : 5 - Kings : 0.
0:56 of 3rd period - Pierre-Cedric Labrie wins face-off versus Juuso Parssinen in neutral zone.
1:01 of 3rd period - Thomas Chabot is hit by Jamie Devane and loses puck.
2:20 of 3rd period - Brandon Baddock is hit by Rasmus Dahlin and loses puck.
2:53 of 3rd period - Shot by Tyler Bertuzzi.
2:53 of 3rd period - Shot Misses the Net.
2:55 of 3rd period - Shot by Michael Anderson.
2:55 of 3rd period - Stopped by Maxime Lagace without a rebound.
2:56 of 3rd period - Juuso Parssinen wins face-off versus Vincent Arseneau in Kings zone.
3:25 of 3rd period - Shot by Mitch McLain.
3:25 of 3rd period - Shot Misses the Net.
3:35 of 3rd period - John Parker-Jones is hit by Kailer Yamamoto and loses puck.
3:41 of 3rd period - Off-side.
3:42 of 3rd period - Jack Hughes wins face-off versus Joey Abate in neutral zone.
3:45 of 3rd period - Will Riedell is hit by Jack Hughes and loses puck.
4:02 of 3rd period - Shot by Jack Hughes.
4:02 of 3rd period - Shot Blocked by Mason Geertsen.
4:12 of 3rd period - Shot by Jack Hughes.
4:12 of 3rd period - Stopped by Maxime Lagace without a rebound.
4:13 of 3rd period - Jesperi Kotkaniemi wins face-off versus Blake Lizotte in Kings zone.
4:13 of 3rd period - Jesperi Kotkaniemi is hit by Brock McGinn.
4:38 of 3rd period - Shot by Derek Ryan.
4:38 of 3rd period - Stopped by Maxime Lagace without a rebound.
4:39 of 3rd period - Jack Hughes wins face-off versus Vincent Arseneau in Kings zone.
4:56 of 3rd period - Jordan Greenway is hit by Tyler Bertuzzi and loses puck.
6:13 of 3rd period - Jesperi Kotkaniemi is hit by Thomas Chabot.
7:17 of 3rd period - Michael Anderson is hit by Brandon Baddock and loses puck.
7:35 of 3rd period - Kailer Yamamoto is hit by Brandon Baddock and loses puck.
7:40 of 3rd period - Shot by Anthony Beauvillier.
7:40 of 3rd period - Stopped by Maxime Lagace with a rebound.
7:42 of 3rd period - Shot by Michael Anderson.
7:42 of 3rd period - Stopped by Maxime Lagace with a rebound.
7:43 of 3rd period - Minor Penalty to Mason Geertsen for Roughing.
7:44 of 3rd period - Brandon Baddock wins face-off versus Jack Hughes in Kings zone.
8:07 of 3rd period - Rasmus Dahlin is hit by John Parker-Jones and loses puck.
8:24 of 3rd period - Shot by Miro Heiskanen.
8:24 of 3rd period - Shot Misses the Net.
8:26 of 3rd period - Shot by Miro Heiskanen.
8:26 of 3rd period - Stopped by Maxime Lagace without a rebound.
8:27 of 3rd period - Juuso Parssinen wins face-off versus Mitch McLain in Kings zone.
9:44 of 3rd period - Icing by John Parker-Jones.
9:45 of 3rd period - Blake Lizotte wins face-off versus Joey Abate in Kings zone.
10:04 of 3rd period - Shot by Derek Ryan.
10:04 of 3rd period - Stopped by Maxime Lagace without a rebound.
10:05 of 3rd period - Jack Hughes wins face-off versus Vincent Arseneau in Kings zone.
10:29 of 3rd period - Shot by Jordan Greenway.
10:29 of 3rd period - Shot Misses the Net.
10:40 of 3rd period - Icing by Michael Matheson.
10:41 of 3rd period - Jack Hughes wins face-off versus Ryan McLeod in Kraken zone.
10:46 of 3rd period - Shot by Jack Hughes.
10:46 of 3rd period - Shot Misses the Net.
11:01 of 3rd period - Off-side.
11:02 of 3rd period - Blake Lizotte wins face-off versus Joey Abate in neutral zone.
11:13 of 3rd period - Shot by Brock McGinn.
11:13 of 3rd period - Stopped by Maxime Lagace with a rebound.
11:35 of 3rd period - Tyson Empey is hit by Rasmus Dahlin and loses puck.
11:53 of 3rd period - Off-side.
11:54 of 3rd period - Juuso Parssinen wins face-off versus Jesperi Kotkaniemi in neutral zone.
11:57 of 3rd period - Shot by Caleb Jones.
11:57 of 3rd period - Stopped by Maxime Lagace without a rebound.
11:58 of 3rd period - Jesperi Kotkaniemi wins face-off versus Juuso Parssinen in Kings zone.
12:17 of 3rd period - Shot by Jesperi Kotkaniemi.
12:17 of 3rd period - Shot Misses the Net.
12:29 of 3rd period - Shot by Jesperi Kotkaniemi.
12:29 of 3rd period - Shot Hit the Post.
12:31 of 3rd period - Shot by Josh Healey.
12:31 of 3rd period - Shot Misses the Net.
12:46 of 3rd period - Icing by Will Riedell.
12:47 of 3rd period - Yakov Trenin wins face-off versus Vincent Arseneau in Kings zone.
12:56 of 3rd period - Shot by Stefan Noesen.
12:56 of 3rd period - Stopped by Maxime Lagace without a rebound.
12:57 of 3rd period - Joey Abate wins face-off versus Jack Hughes in Kings zone.
13:02 of 3rd period - Jack Hughes is hit by Jamie Devane and loses puck.
13:56 of 3rd period - Minor Penalty to Billy Sweezey for Hooking.
13:57 of 3rd period - Juuso Parssinen wins face-off versus Brandon Baddock in Kings zone.
14:22 of 3rd period - Shot by Anthony Beauvillier.
14:22 of 3rd period - Shot Blocked by Jerad Rosburg.
14:57 of 3rd period - Off-side.
14:58 of 3rd period - Brandon Baddock wins face-off versus Kent Johnson in neutral zone.
16:25 of 3rd period - Tyson Empey is hit by Blake Lizotte and loses puck.
18:32 of 3rd period - Shot by Jesperi Kotkaniemi.
18:32 of 3rd period - Stopped by Pyotr Kochetkov without a rebound.
18:33 of 3rd period - Blake Lizotte wins face-off versus Cedric Lacroix in Kraken zone.
18:33 of 3rd period - Blake Lizotte is hit by Brandon Baddock.
18:57 of 3rd period - Ryan McLeod is hit by Thomas Chabot and loses puck.
19:01 of 3rd period - Ryan McLeod is hit by Thomas Chabot and loses puck.
19:21 of 3rd period - Off-side.
19:22 of 3rd period - Jack Hughes wins face-off versus Jesperi Kotkaniemi in neutral zone.
19:32 of 3rd period - Icing by Mason Geertsen.
19:33 of 3rd period - Jesperi Kotkaniemi wins face-off versus Juuso Parssinen in Kings zone.
19:43 of 3rd period - Kailer Yamamoto is hit by Mason Geertsen and loses puck.
19:49 of 3rd period - Icing by Will Riedell.
19:50 of 3rd period - Jesperi Kotkaniemi wins face-off versus Jack Hughes in Kings zone.
19:56 of 3rd period - Off-side.
19:57 of 3rd period - Joey Abate wins face-off versus Yakov Trenin in neutral zone.
Goals for this period are 1 for Kraken vs 0 for Kings.
Shots for this period are 11 for Kraken vs 1 for Kings.